 Dungeon Crawl Stone Soup version 0.31-a0-229-g1fc7ce9 (webtiles) character file.

Game seed: 6386075346143241618

14079 Dawnplanks the Stormcaller (level 12, 0/62 HPs)
             Began as a Tengu Air Elementalist on July 6, 2023.
             Was an Elder of Vehumet.
             Slain by Harold
             ... wielding a +0 trident
              (16 damage)
             ... on level 10 of the Dungeon.
             The game lasted 00:35:26 (14345 turns).

Dawnplanks the Stormcaller (TeAE)                  Turns: 14345, Time: 00:35:27

Health: 0/62       AC:  7    Str:  9    XL:     12   Next: 12%
Magic:  35/38      EV: 21    Int: 19    God:    Vehumet [****..]
Gold:   664        SH:  5    Dex: 16    Spells: 20/36 levels left

rFire   . . .        l - +5 halberd of Oxuqeg {vamp, Will+}
rCold   . . .        (shield currently unavailable)
rNeg    . . .        Q - +2 robe {Will+}
rPois   .            M - +1 hat {Stlth+}
rElec   .            o - +0 cloak
rCorr   .            p - +0 pair of gloves {Stlth+}
SInv    .            (boots unavailable)
Will    ++...        d - amulet of reflection
Stlth   ++++         f - +5 ring of evasion
HPRegen 0.30/turn    J - ring of magical power
MPRegen 0.26/turn

%: reflection
@: swift, flying quickly and evasively, very quick
A: beak, talons 3, nimble flight
a: Renounce Religion


You were on level 10 of the Dungeon.
You worshipped Vehumet.
Vehumet was greatly pleased with you.
You visited 2 branches of the dungeon, and saw 11 of its levels.
You also visited: Bailey.

You collected 694 gold pieces.
You spent 30 gold pieces at shops.

Inventory:

Hand Weapons
 l - the +5 halberd of Oxuqeg (weapon) {vamp, Will+}
   (You found it on level 9 of the Dungeon)

   Will:      It increases your willpower.
 E - the +8 frozen axe "Frostbite" {freeze, freezing cloud, *Noise Fly rC+}
   (You found it on level 9 of the Dungeon)

   rC:        It protects you from cold.
   Fly:       It grants you flight.
   *Noise:    It may make noises in combat.
 T - a +5 scimitar
Missiles
 n - 6 throwing nets
Armour
 o - a +0 cloak (worn)
 p - a +0 pair of gloves of stealth (worn)
 M - a +1 hat of stealth (worn)
 P - a +1 leather armour of cold resistance
 Q - a +2 robe of willpower (worn)
Magical Staves
 m - a staff of cold
 u - a staff of fire
 F - a staff of poison
Jewellery
 d - an amulet of reflection (around neck)
 f - a +5 ring of evasion (left hand)
 y - a ring of protection from cold
 C - the ring of Fair {rCorr Str+2}
   (You took it off a gnoll in a bailey)

   [ring of resist corrosion]

   Str:       It affects your strength (+2).
   rCorr:     It protects you from acid and corrosion.
 J - a ring of magical power (right hand)
Wands
 a - a wand of iceblast (2)
 O - a wand of paralysis (12)
 R - a wand of flame (8)
Scrolls
 b - a scroll of immolation
 c - 3 scrolls of poison {unknown}
 e - a scroll of enchant weapon
 h - 2 scrolls of fear {unknown}
 i - 2 scrolls of teleportation
 q - 2 scrolls of noise
 z - a scroll of torment
 A - a scroll of fog
 B - 4 scrolls of amnesia
 H - a scroll of acquirement {unknown}
 L - a scroll of brand weapon
 N - 2 scrolls of revelation {unknown}
Potions
 g - a potion of experience {unknown}
 j - a potion of haste {unknown}
 k - a potion of curing
 s - 2 potions of lignification {unknown}
 t - 2 potions of ambrosia
 v - a potion of attraction {unknown}
 w - 4 potions of mutation {unknown}
 x - a potion of heal wounds {unknown}
 G - a potion of degeneration {unknown}
 I - 2 potions of enlightenment {unknown}
 K - a potion of might {unknown}
Miscellaneous
 r - a condenser vane (inert)
 D - a lightning rod (4/4)


   Skills:
 + Level 1.7 Fighting
 + Level 4.0 Dodging
 - Level 2.0 Stealth
 + Level 1.5 Shields
 + Level 12.5 Spellcasting
 + Level 8.0 Conjurations
 + Level 15.5 Air Magic


You had 20 spell levels left.
You knew the following spells:

 Your Spells              Type           Power      Damage    Failure   Level
a - Shock                 Conj/Air       100%       1d9       1%          1
b - Static Discharge      Conj/Air       100%       2-7/arc   1%          2
c - Swiftness             Air            63%        N/A       1%          3
d - Airstrike             Air            31%        2d(5-21)  1%          4
e - Conjure Ball Lightni  Conj/Air       27%        3x3d8     1%          6

Your spell library contained the following spells:

 Spells                   Type           Power      Damage    Failure   Level
 Iskenderun's Battlesphe  Conj           42%        2d9       1%          5
 Fireball                 Conj/Fire      13%        3d7       9%          5
 Orb of Destruction       Conj           21%        9d8       41%         7


Dungeon Overview and Level Annotations

Branches:
Dungeon (10/15)            Temple (1/1) D:5            Lair (0/5) D:9
 Bailey (visited)
    Orc: D:9-12

Altars:
Dithmenos
Fedhas
Gozag
Kikubaaqudgha
Okawaru
Qazlal
Ru
Sif Muna
Trog
Uskayaw
Vehumet
Yredelemnul
Zin
The Shining One

Shops:
D:6 !

Annotations:
D:3 2 transporters, bloodbathe's ghost, amateur OgWr
D:4 2 runed translucent doors, Crazy Yiuf; Dega's ghost, novice SpHu
D:10 Harold


Innate Abilities, Weirdness & Mutations

You have a beak for a mouth.
You have claws for feet.
Your magical nature lets you fly swiftly and evasively.


Message History

Harold struggles against the net. x2
You slash Harold!
You feel better.
Harold is moderately wounded.
Harold struggles against the net.
The net rips apart, and Harold comes free!
You slash Harold!
You feel better.
You claw Harold, but do no damage.
Harold is heavily wounded.
Harold gestures at you while chanting.
You struggle to resist.
Harold closely misses you.
You barely miss Harold. You claw Harold. You peck Harold, but do no damage.
Harold is heavily wounded.
Harold says, "Ah, this is what I got into this business for!"
Harold hits you with a +0 trident!
You completely miss Harold. Your kick misses Harold.
Harold is heavily wounded.
Harold closely misses you. Harold hits you with a +0 trident!
You are too injured to fight recklessly!
Casting: Swiftness (safe; 1% risk of failure)
Confirm with . or Enter, or press ? or * to list all spells.
Harold is struck by an arc of lightning.
Harold is heavily wounded.
You are struck by an arc of lightning.
Harold is struck by an arc of lightning!
Harold is severely wounded.
The lightning grounds out.
Harold completely misses you.
Casting: Static Discharge (safe; 1% risk of failure)
Confirm with . or Enter, or press ? or * to list all spells.
Harold is struck by an arc of lightning!
Harold is severely wounded.
You are struck by an arc of lightning.
Harold is struck by an arc of lightning.
Harold is almost dead.
You are struck by an arc of lightning.
* * * LOW HITPOINT WARNING * * *
Harold is struck by an arc of lightning.
Harold is almost dead.
The lightning grounds out.
Harold hits you with a +0 trident!
* * * LOW HITPOINT WARNING * * *
You feel better. Harold hits you with a +0 trident!
You die...

..# #.# ...#.# #####
...#.# . ##...##
...#.#
....#####.)...#
...#.#
.8......@..8..#
...#.#
....##'##@..).#
...#.##. #.@ ##...##
...#..## #.?. ##.##
...**..# #.... #.#
...###.# #c..: #.#
))...).# #.... #.#
#. # ###...##.##...
##.###.#######.#
#..##...
##...##.......#.#
#o.#.....#####.....#
#.......#


You could see Harold.

Vanquished Creatures
  Gastronok (D:8)
  A fire giant (shapeshifter) (D:9)
  Erolcha (D:9)
  2 two-headed ogres (D:9)
  Pikel (D:8)
  A cyclops (D:9)
  A cyclops (shapeshifter) (D:9)
  An unseen horror (D:9)
  A troll (D:9)
  Grinder (D:4)
  A hornet (D:9)
  2 yaks (D:9)
  A vampire (D:9)
  Sigmund (D:5)
  4 wyverns
  Grum (Bailey)
  A vampire mosquito (D:9)
  An acid dragon (D:9)
  Edmund (D:4)
  5 water moccasins
  7 orc warriors
  An ice beast (D:6)
  3 sky beasts
  3 black bears
  2 ogres
  4 centaurs
  5 wolves (Bailey)
  A lemure (D:8)
  2 phantoms (D:6)
  4 kobold brigands
  3 bullfrogs
  8 gnoll sergeants
  4 scorpions
  6 wights (D:9)
  10 killer bees
  4 howler monkeys
  5 hounds
  6 gnoll boudas
  10 orc priests
  A jelly (D:5)
  7 iguanas
  12 orc wizards
  26 gnolls
  16 adders
  A shadow imp (D:6)
  2 white imps
  3 worms
  6 dart slugs
  32 orcs
  4 ball pythons
  A bat (D:3)
  7 endoplasms
  5 giant cockroaches
  7 hobgoblins
  5 quokkas
  4 frilled lizards
  7 goblins
  21 kobolds
  4 rats
288 creatures vanquished.

Vanquished Creatures (others)
  2 ball lightnings (D:10)
2 creatures vanquished.

Grand Total: 290 creatures vanquished

Notes
Turn   | Place    | Note
-------+----------+-------------------------------------------
     0 | D:1      | Dawnplanks the Tengu Air Elementalist began the quest for
                  | the Orb.
     0 | D:1      | Reached XP level 1. HP: 10/10 MP: 4/4
   158 | D:1      | Reached XP level 2. HP: 15/15 MP: 0/6
   630 | D:1      | Reached XP level 3. HP: 19/19 MP: 4/7
   983 | D:2      | Reached skill level 5 in Air Magic
  1222 | D:2      | Reached XP level 4. HP: 24/24 MP: 6/9
  2386 | D:3      | Gained mutation: Your magical nature lets you fly swiftly
                  | and evasively. [Tengu growth]
  2386 | D:3      | Reached XP level 5. HP: 28/28 MP: 4/10
  2854 | D:3      | Found an iron altar of Okawaru.
  2926 | D:3      | Found an opulent altar of Gozag.
  2949 | D:3      | Found a transporter.
  2952 | D:3      | Noticed bloodbathe's ghost (amateur OgWr)
  2954 | D:3      | Found a transporter.
  2955 | D:3      | Identified the +3 dire flail of Ascent {flame, SInv}
  2955 | D:3      | Noticed an ogre
  2957 | D:3      | Noticed an ogre
  3532 | D:4      | Noticed Grinder
  3534 | D:4      | Paralysed by Grinder for 2 turns
  3560 | D:4      | Paralysed by Grinder for 5 turns
  3569 | D:4      | Killed Grinder
  3570 | D:4      | Reached skill level 6 in Air Magic
  3570 | D:4      | Reached XP level 6. HP: 17/32 MP: 5/13
  3762 | D:4      | Noticed Edmund
  3785 | D:4      | Killed Edmund
  3786 | D:4      | Reached XP level 7. HP: 36/36 MP: 8/14
  3861 | D:4      | Noticed Dega's ghost (novice SpHu)
  3864 | D:4      | Found a runed translucent door.
  3868 | D:4      | Learned a level 2 spell: Static Discharge
  3872 | D:4      | Learned a level 3 spell: Swiftness
  3877 | D:4      | Learned a level 4 spell: Airstrike
  3960 | D:4      | Reached skill level 5 in Conjurations
  4023 | D:4      | Found a blossoming altar of Fedhas.
  4125 | D:4      | Found a radiant altar of Vehumet.
  4168 | D:4      | Became a worshipper of Vehumet
  4424 | D:4      | Found a runed translucent door.
  4425 | D:4      | Noticed Crazy Yiuf
  4580 | D:5      | Entered Level 5 of the Dungeon
  4595 | D:5      | Reached skill level 7 in Air Magic
  4812 | D:5      | Noticed Sigmund
  4814 | D:5      | Killed Sigmund
  4815 | D:5      | Reached skill level 5 in Spellcasting
  4912 | D:5      | Reached XP level 8. HP: 41/41 MP: 7/16
  5206 | D:5      | Reached skill level 8 in Air Magic
  5488 | D:5      | Reached * piety under Vehumet
  5488 | D:5      | Offered knowledge of Freeze by Vehumet.
  5866 | D:5      | Reached skill level 9 in Air Magic
  5924 | D:5      | Reached XP level 9. HP: 46/46 MP: 12/20
  6195 | D:5      | Reached skill level 1 in Fighting
  6232 | D:5      | Found a staircase to the Ecumenical Temple.
  6241 | Temple   | Entered the Ecumenical Temple
  6657 | D:6      | Reached ** piety under Vehumet
  6657 | D:6      | Offered knowledge of Momentum Strike by Vehumet.
  6848 | D:6      | Reached skill level 1 in Shields
  6899 | D:6      | Reached skill level 10 in Air Magic
  6951 | D:6      | Found Ilaca's Distillery.
  6954 | D:6      | Bought a potion of curing for 30 gold pieces
  7882 | D:7      | Reached skill level 11 in Air Magic
  7886 | D:7      | Found a stormy altar of Qazlal.
  7893 | D:7      | Found a flagged portal.
  7927 | Bailey   | Entered a bailey
  8195 | Bailey   | Reached XP level 10. HP: 52/52 MP: 15/23
  8436 | Bailey   | Noticed Grum
  8448 | Bailey   | Killed Grum
  8585 | Bailey   | Identified the ring of Fair {rCorr Str+2}
  8593 | Bailey   | Offered knowledge of Scorch by Vehumet.
  9339 | D:7      | Reached skill level 12 in Air Magic
 10221 | D:8      | Reached *** piety under Vehumet
 10620 | D:8      | Noticed Gastronok
 10821 | D:8      | Reached skill level 10 in Spellcasting
 11326 | D:8      | Noticed Pikel
 11347 | D:8      | Killed Pikel
 11366 | D:8      | Killed Gastronok
 11367 | D:8      | Reached skill level 13 in Air Magic
 11367 | D:8      | Reached XP level 11. HP: 44/56 MP: 4/26
 11643 | D:9      | Offered knowledge of Inner Flame by Vehumet.
 11901 | D:9      | Noticed a two-headed ogre
 11925 | D:9      | Killed a two-headed ogre
 12118 | D:9      | Reached skill level 14 in Air Magic
 12469 | D:9      | Noticed a two-headed ogre
 12477 | D:9      | Killed a two-headed ogre
 12477 | D:9      | Reached **** piety under Vehumet
 12574 | D:9      | Found the +8 frozen axe "Frostbite" {freeze, freezing
                  | cloud, *Noise Fly rC+}
 12599 | D:9      | Found a glowing golden altar of the Shining One.
 12667 | D:9      | Offered knowledge of Fireball by Vehumet.
 12842 | D:9      | Found a staircase to the Lair.
 13077 | D:9      | Noticed Erolcha
 13241 | D:9      | Killed Erolcha
 13344 | D:9      | Noticed a cyclops
 13348 | D:9      | Killed a cyclops
 13349 | D:9      | Reached skill level 15 in Air Magic
 13420 | D:9      | Noticed a fire giant
 13426 | D:9      | Killed a fire giant
 13427 | D:9      | Reached XP level 12. HP: 62/62 MP: 20/29
 13596 | D:9      | Identified the +5 halberd of Oxuqeg {vamp, Will+}
 13629 | D:9      | Learned a level 6 spell: Conjure Ball Lightning
 13900 | D:10     | Entered Level 10 of the Dungeon
 14325 | D:10     | Noticed Harold
 14345 | D:10     | Slain by Harold

Illustrated notes

Levels and vault maps discovered:
D:1:      ebering_trefoil_twist, layout_rooms
D:2:      layout_basic, minmay_box_of_dots
D:3:      layout_basic, marbit_many_paths, grunt_gozag_breadcrumbs,
          gammafunk_ghost_smash, chequers_serial_rivers_large_b,
          chequers_serial_rivers_micro_a
D:4:      layout_loops_cross, mainiacjoe_overflow_brackets, fedhas_altar_1,
          hellmonk_ghost_happy_afterlife, uniq_grinder, uniq_crazy_yiuf_cottage,
          uniq_edmund
D:5:      minmay_recursive_quarters, layout_basic, minmay_temple_entry_poolview,
          uniq_sigmund
D:6:      layout_basic, serial_shops, nicolae_shop_real_fake_doors, hex_large
D:7:      layout_gridville, nicolae_qazlal_scattered_showers, enter_bailey_4,
          roderic_serpentine_path
D:8:      layout_loops_cross, uniq_gastronok, uniq_pikel
D:9:      minmay_the_grid_plus [minmay_the_grid_box_x, minmay_the_grid_expand,
          minmay_the_grid_embedded, minmay_the_grid_x,
          minmay_the_grid_prize_four_corners_diamond_b], layout_basic,
          mainiacjoe_overflow_concentric_impassable, lair_entry_dummy,
          uniq_erolcha
D:10:     minmay_octagon_keep, layout_basic, lemuel_tele_altar,
          mainiacjoe_overflow_alcove_1, david_orc_5, kb_rosetta, uniq_harold
Temple:   eino_narrow_crystal_temple

Skill      XL: |  1  2  3  4  5  6  7  8  9 10 11 |
---------------+----------------------------------+-----
Conjurations   | 2 3 4 5 6 7 8 |  8.0
Air Magic      | 5 6 7 9 11 13 15 | 15.5
Spellcasting   | 3 4 5 6 8 10 12 | 12.5
Fighting       | 1 |  1.7
Shields        | 1 |  1.5
Dodging        | 3 4 |  4.0
Stealth        | |  2.0

Action                     |  1- 3 |  4- 6 |  7- 9 | 10-12 || total
---------------------------+-------+-------+-------+-------++-------
  Melee: Unarmed           |     9 |     4 |       |       ||    13
         Kick              |     4 |     2 |     6 |    10 ||    22
         Dire flail        |       |       |    24 |     8 ||    32
         Peck              |       |       |     2 |     4 ||     6
         Dagger            |       |       |       |    22 ||    22
         Halberd           |       |       |       |    11 ||    11
   Cast: Shock             |    68 |   114 |   153 |    99 ||   434
         Static Discharge  |       |       |     9 |    10 ||    19
         Airstrike         |       |       |    54 |   179 ||   233
         Swiftness         |       |       |     2 |     6 ||     8
         Conjure Ball Ligh |       |       |       |     5 ||     5
  Evoke: Condenser vane    |       |       |       |     1 ||     1
    Use: Potion            |       |     1 |     1 |     2 ||     4
         Scroll            |       |       |     6 |     4 ||    10
   Stab: Sleeping          |       |       |       |     1 ||     1
         Held in net/web   |       |       |       |     1 ||     1
 Armour: Robe              |     1 |     2 |     4 |    16 ||    23
  Dodge: Dodged            |    12 |    13 |    66 |    94 ||   185
  Block: Other             |     1 |     7 |    19 |    33 ||    60
         Reflection        |       |     1 |       |     6 ||     7

Table legend: (Time is in decaauts)
 A = Elapsed time spent in this place.
 B = Non-inter-level travel time spent in this place.
 C = Inter-level travel time spent in this place.
 D = Time resting spent in this place.
 E = Time spent auto-exploring this place.
 F = Levels seen in this place.
 G = Mean time per level.
                   A        B        C        D        E       F      G
               +--------+--------+--------+--------+--------+-----+--------+
         Total |  13821 |  13360 |    461 |    458 |  11155 |  12 | 1151.8 |
       Dungeon |  12627 |  12166 |    461 |    458 |  10170 |  10 | 1262.7 |
        Temple |      1 |      1 |      0 |      0 |      0 |   1 |    1.0 |
        Bailey |   1193 |   1193 |      0 |      0 |    985 |   1 | 1193.0 |
               +--------+--------+--------+--------+--------+-----+--------+

Top non-repeatable levels by time:
     D:9: 1854 daAuts
     D:8: 1767 daAuts
     D:5: 1569 daAuts
     D:3: 1255 daAuts
     D:2: 1237 daAuts
     D:7: 1219 daAuts
     D:6: 1194 daAuts
  Bailey: 1193 daAuts
     D:4: 1171 daAuts
     D:1: 926 daAuts
    D:10: 431 daAuts
  Temple: 1 daAuts
